AoeStats
← Michi3052

Arabia

503885518Analyzed
1v1 RM · 1mo ago on Sep 2, 2026· 25m 36s· 2 players
Game mode
Random Map
Map size
Tiny (2 player)
Population
200
Speed
Normal
Resources
Standard
Victory
Conquest
Starting age
Dark Age
Ending age
Imperial Age
RankedLock teamsTeams togetherTeam positionsShared explorationLock speedFull tech treeHidden civsTurbo modeCheats
Victory
Defeat
🇧🇷 Franks · Brazil
724
+14
🇪🇸 Vietnamese · Spain
688
-14
Michi3052
10:49 Feudal Age
13:01 Double-Bit Axe
23:30 Castle Age
23:23 Gold Mining
23:33 Crossbowman
_Lupin_
7:04 Loom
9:46 Feudal Age
10:40 Double-Bit Axe
20:43 Castle Age
21:22 Fletching
21:38 Scale Barding Armor
Connection lost

Rejoining the realm…

Still unreachable

The connection could not be restored.

Session expired

The server has moved on; the page needs a fresh start.